 Dungeon Crawl Stone Soup version 0.27-a0-320-g81d27af2d4 (webtiles) character file.

Game seed: 8325980869978465682

1374 djmy96 the Covert (level 8, 0/67 HPs)
             Began as a Deep Elf Brigand on Feb 10, 2021.
             Was an Initiate of Sif Muna.
             Slain by an unseen horror (2 damage)
             ... on level 6 of the Dungeon.
             The game lasted 00:10:22 (6581 turns).

djmy96 the Covert (Deep Elf Brigand)                Turns: 6581, Time: 00:10:22

Health: 0/67       AC:  4    Str:  8      XL:     8   Next: 39%
Magic:  13/16      EV: 14    Int: 24      God:    Sif Muna [......]
Gold:   363        SH:  6    Dex: 16 (17) Spells: 12/15 levels left

rFire    . . .     SeeInvis .   a - +2 dagger
rCold    . . .     Faith    .   k - +2 buckler {rN+}
rNeg     + . .     Spirit   .   b - +0 robe
rPois    +         Reflect  .   (no helmet)
rElec    .         Harm     .   j - +1 cloak
rCorr    .         Rampage  .   (no gloves)
Will     .....                  (no boots)
Stlth    ..........             r - amulet of regeneration
HPRegen  0.61/turn              x - +6 ring of intelligence
MPRegen  0.15/turn              g - ring of poison resistance

@: berserking, very quick
A: no striking features
a: Renounce Religion


You were on level 6 of the Dungeon.
You worshipped Sif Muna.
Sif Muna was noncommittal.
You visited 2 branches of the dungeon, and saw 7 of its levels.

You collected 363 gold pieces.

Inventory:

Hand Weapons
 a - a +2 dagger (weapon)
Missiles
 d - 54 poisoned darts (quivered)
 e - 2 curare-tipped darts
 m - a throwing net
Armour
 b - a +0 robe (worn)
 c - a +0 cloak
 j - a +1 cloak (worn)
 k - a +2 buckler of positive energy (worn)
Jewellery
 g - a ring of poison resistance (right hand)
 l - a ring of protection from fire
 r - an amulet of regeneration (around neck)
 t - a ring of protection from fire
 x - a +6 ring of intelligence (left hand)
Scrolls
 f - a scroll of fog {unknown}
 i - 11 scrolls of identify {unknown}
 n - 7 scrolls of teleportation {unknown}
 q - a scroll of fear {unknown}
 v - a scroll of amnesia {unknown}
 w - 3 scrolls of magic mapping {unknown}
Potions
 h - a potion of resistance {unknown}
 o - a potion of berserk rage
 p - 2 potions of curing {unknown}
 s - a potion of magic {unknown}
 u - 2 potions of heal wounds {unknown}
 z - a potion of brilliance {unknown}
 A - a potion of invisibility {unknown}


   Skills:
 + Level 2.7 Fighting
 + Level 5.0 Short Blades
 + Level 2.0 Throwing
 + Level 4.4 Dodging
 + Level 8.0 Stealth
 + Level 2.1 Shields
 * Level 4.4 Spellcasting
 + Level 1.1 Conjurations
 * Level 4.6 Hexes


You had 12 spell levels left.
You knew the following spells:

 Your Spells              Type           Power        Failure   Level
a - Dazzling Flash        Conj/Hex       38%          11%         3

Your spell library contained the following spells:

 Spells                   Type           Power        Failure   Level
 Magic Dart               Conj           40%          8%          1
 Searing Ray              Conj           20%          11%         2
 Fulminant Prism          Conj/Hex       9%           34%         4
 Iskenderun's Mystic Bla  Conj/Tloc      8%           67%         4


Dungeon Overview and Level Annotations

Branches:
Dungeon (6/15)             Temple (1/1) D:6

Altars:
Ashenzari
Cheibriados
Dithmenos
Elyvilon
Fedhas
Gozag
Hepliaklqana
Kikubaaqudgha
Makhleb
Nemelex Xobeh
Qazlal
Ru
Sif Muna
Trog
Vehumet
Wu Jian
Xom
Yredelemnul
Zin
The Shining One

Annotations:
D:3 exclusion: 3 orcs
D:4 Eustachio, Menkaure


Message History

There is a large open door here.
You enter the shallow water.
Moving in this stuff is going to be slow.
The quasit is no longer blind.
There is a large open door here.
Something hits you. Something hits you but does no damage. Something hits you.
Casting: Dazzling Flash (dangerous; 11% risk of failure)
Confirm with . or Enter, or press ? or * to list all spells.
The quasit is dazzled.
You block something's attack. Something hits you.
You hit something. Something barely misses you.
You hit something. Something hits you but does no damage. Something hits you.
You hit something.
The quasit is no longer blind.
Something hits you. x2
Throw: 57 darts (poison)
Press: ? - help, Q - select action, (/) - cycle Shift-Dir - straight line, f - quasit
Aim: a quasit (37% to hit)
You throw a poisoned dart. The poisoned dart hits the quasit.
Something hits you. x2
Unknown command.
Throw: 56 darts (poison)
Press: ? - help, Q - select action, (/) - cycle Shift-Dir - straight line, f/p - quasit
Aim: a quasit (37% to hit)
You throw a poisoned dart.
The poisoned dart closely misses the quasit.
Something hits you.
Throw: 55 darts (poison)
Press: ? - help, Q - select action, (/) - cycle Shift-Dir - straight line, f/p - quasit
Aim: a quasit (37% to hit)
You throw a poisoned dart.
The poisoned dart closely misses the quasit.
You block something's attack.
Unknown command.
You closely miss something. Something hits you. Something hits you!
* * * LOW HITPOINT WARNING * * *
You barely miss something. Something hits you!
* * * LOW HITPOINT WARNING * * *
It was a potion of berserk rage.
A red film seems to cover your vision as you go berserk!
You feel yourself moving faster!
You feel mighty! Something hits you.
You die...

≈≈≈≈≈≈≈≈..≈≈≈≈≈≈≈≈#.#........
#≈≈≈≈≈≈≈..≈≈≈≈≈≈≈##.#.######.
#≈≈≈≈≈≈..≈≈≈≈≈≈# #.#.# #.
##≈≈≈≈≈..≈≈≈≈≈## #.#.#### #.
##≈≈≈≈..≈≈≈≈## #.#....# #.
##≈≈≈..≈≈≈## #.#....###)
####''#########..........
#..###†..........####.
#(.5{@...........#....
######...........#....
#...........#....
#...........#....
#...........#....
#...........#####
#...........# #...........#
#..........<#


You could see a quasit.

Vanquished Creatures
  An ugly thing (D:6)
  A sky beast (D:6)
  An ogre (D:6)
  A centaur (D:2)
  3 bullfrogs
  A water moccasin zombie (D:5)
  A scorpion (D:4)
  A bullfrog zombie (D:5)
  A hound (D:4)
  A centaur skeleton (D:5)
  3 worker ants
  A hound zombie (D:5)
  2 howler monkey zombies
  5 worker ant zombies (D:5)
  3 gnolls (D:2)
  7 adders
  A shadow imp (D:5)
  2 white imps (D:5)
  An ooze (D:1)
  An adder zombie (D:5)
  2 adder skeletons (D:5)
  A dart slug (D:1)
  A leopard gecko (D:1)
  2 orcs (D:5)
  A ball python (D:1)
  A bat (D:3)
  5 giant cockroaches
  6 goblins
  3 hobgoblins
  21 jackals
  3 kobolds
  A quokka (D:2)
  A ball python skeleton (D:5)
  3 frilled lizards
  A quokka skeleton (D:5)
  4 rats
94 creatures vanquished.

Notes
Turn   | Place    | Note
-------+----------+-------------------------------------------
     0 | D:1      | djmy96 the Deep Elf Brigand began the quest for the Orb.
     0 | D:1      | Reached XP level 1. HP: 12/12 MP: 3/3
   123 | D:1      | Reached skill level 5 in Stealth
   141 | D:1      | Reached XP level 2. HP: 7/16 MP: 4/4
  1015 | D:1      | Reached XP level 3. HP: 19/21 MP: 5/5
  1075 | D:2      | Noticed a centaur
  1087 | D:2      | Killed a centaur
  1088 | D:2      | Reached skill level 6 in Stealth
  1088 | D:2      | Reached XP level 4. HP: 26/26 MP: 6/6
  1098 | D:2      | You fall into a shaft and drop 2 floors!
  1111 | D:4      | Learned a level 3 spell: Dazzling Flash
  1225 | D:4      | Noticed Eustachio
  1297 | D:4      | Found an ornate altar of the Wu Jian Council.
  1603 | D:4      | Noticed Menkaure
  1656 | D:4      | Reached XP level 5. HP: 30/30 MP: 7/7
  2366 | D:3      | Found a faded altar of an unknown god.
  2703 | D:3      | Found a faded altar of an unknown god.
  2703 | D:3      | Found a sparkling altar of Nemelex Xobeh.
  2711 | D:3      | Found a faded altar of an unknown god.
  2713 | D:3      | Found a hazy altar of Hepliaklqana.
  2715 | D:3      | Found a shadowy altar of Dithmenos.
  3017 | D:2      | Reached skill level 1 in Hexes
  4038 | D:5      | Entered Level 5 of the Dungeon
  4074 | D:5      | Reached XP level 6. HP: 9/35 MP: 8/8
  4373 | D:5      | Reached skill level 1 in Spellcasting
  4487 | D:5      | Reached skill level 1 in Shields
  4593 | D:4      | Reached skill level 7 in Stealth
  4704 | D:5      | Reached XP level 7. HP: 26/40 MP: 11/11
  5702 | D:6      | Found a staircase to the Ecumenical Temple.
  5711 | Temple   | Entered the Ecumenical Temple
  5869 | Temple   | Became a worshipper of Sif Muna the Loreminder
  5902 | D:6      | Noticed a red ugly thing
  5933 | D:6      | Killed a red ugly thing
  5934 | D:6      | Reached XP level 8. HP: 14/45 MP: 6/15
  6136 | D:6      | Reached skill level 1 in Conjurations
  6168 | D:6      | Reached skill level 8 in Stealth
  6453 | D:6      | Reached skill level 5 in Short Blades
  6580 | D:6      | HP: 1/45 [something (8)]
  6581 | D:6      | Slain by an unseen horror

Illustrated notes

Levels and vault maps discovered:
D:1:      evilmike_arrival_plus, layout_basic, serial_park_tiny_2
D:2:      layout_basic
D:3:      layout_basic, chequers_temple_overflow_minitemple,
          chequers_ecumenical_altar_grove
D:4:      layout_cave_pods, nicolae_overflow_hidden_temple, uniq_menkaure,
          uniq_eustachio
D:5:      layout_basic, serial_undead, serial_undead_a, serial_undead_a,
          serial_undead_d, serial_undead_c
D:6:      kennysheep_big_flooded_room, layout_basic, minmay_temple_entry_wispy,
          uniq_prince_ribbit1
Temple:   regret_index_temple_sphere_string

Skill      XL: |  1  2  3  4  5  6  7  8 |
---------------+-------------------------+-----
Stealth        | 5 6 7 8 |  8.0
Fighting       | 2 |  2.7
Short Blades   | 3 4 5 |  5.0
Dodging        | 2 3 4 |  4.4
Hexes          | 1 2 4 |  4.6
Spellcasting   | 1 3 4 |  4.4
Shields        | 1 2 |  2.1
Conjurations   | 1 |  1.1
Throwing       | |  2.0

Action                   |  1- 3 |  4- 6 |  7- 9 || total
-------------------------+-------+-------+-------++-------
Melee: Dagger            |    62 |   379 |   138 ||   579
Throw: Dart              |       |       |     4 ||     4
 Cast: Dazzling Flash    |       |     6 |    14 ||    20
  Use: Potion            |       |       |     1 ||     1
 Stab: Sleeping          |     9 |    15 |     9 ||    33
       Invisible         |       |     2 |     3 ||     5
Armor: Robe              |    11 |    64 |    28 ||   103
Dodge: Dodged            |    29 |   169 |    79 ||   277
Block: Buckler           |       |    87 |    45 ||   132

Table legend: (Time is in decaauts)
 A = Elapsed time spent in this place.
 B = Non-inter-level travel time spent in this place.
 C = Inter-level travel time spent in this place.
 D = Time resting spent in this place.
 E = Time spent auto-exploring this place.
 F = Levels seen in this place.
 G = Mean time per level.
                   A        B        C        D        E       F      G
               +--------+--------+--------+--------+--------+-----+--------+
         Total |   6507 |   6186 |    321 |      0 |   5008 |   7 |  929.6 |
       Dungeon |   6319 |   6047 |    272 |      0 |   4872 |   6 | 1053.2 |
        Temple |    187 |    138 |     49 |      0 |    136 |   1 |  187.0 |
               +--------+--------+--------+--------+--------+-----+--------+

Top non-repeatable levels by time:
     D:5: 1497 daAuts
     D:1: 1056 daAuts
     D:3: 1052 daAuts
     D:4: 1000 daAuts
     D:2: 964 daAuts
     D:6: 747 daAuts
  Temple: 187 daAuts
